 Dungeon Crawl Stone Soup version 0.31.0 (webtiles) character file.

Game seed: 6931146296945472524

11186 Esekla the Thaumaturge (level 11, -5/84 HPs)
             Began as a Demonspawn Wanderer on Jan 20, 2024.
             Was an Elder of Vehumet.
             Slain by a minotaur
             ... wielding a +4 dagger of holy wrath
              (14 damage)
             ... in a Gauntlet.
             The game lasted 01:19:26 (12947 turns).

Esekla the Thaumaturge (Demonspawn Wanderer)       Turns: 12947, Time: 01:19:27

Health: -5/84      AC: 14    Str: 11    XL:     11   Next: 46%
Magic:  21/24      EV: 12    Int: 20    God:    Vehumet [****..]
Gold:   557        SH:  4    Dex: 11    Spells: 19/28 levels left

rFire   + . .        a - +4 scimitar (flame)
rCold   . . .        d - +0 buckler
rNeg    . . .        U - +1 steam dragon scales
rPois   .            (helmet unavailable)
rElec   +            s - +1 cloak of Shielding {rElec rF+}
rCorr   .            E - +0 pair of gloves
SInv    .            u - +0 pair of boots
Will    +....        Q - amulet of faith
Stlth   ++           x - ring of wizardry
HPRegen 0.34/turn    R - +4 ring of protection
MPRegen 0.19/turn

%: no teleportation, faith, wizardry (x1)
@: mighty, freezing walls, enlightened, flying
A: horns 3, spiny 2, demonic touch 2
a: Renounce Religion


You were in a Gauntlet.
You worshipped Vehumet.
Vehumet was greatly pleased with you.
You visited 1 branch of the dungeon, and saw 11 of its levels.
You also visited: Ossuary and Gauntlet.

You collected 557 gold pieces.

Inventory:

Hand Weapons
 a - a +4 scimitar of flaming (weapon)
 e - a +3 dagger of electrocution
 r - a +1 trident of protection
 v - a +2 dagger of venom
 z - a +3 dagger of freezing
Missiles
 h - 6 poisoned darts (quivered)
 w - 6 boomerangs
 P - a curare-tipped dart
Armour
 c - the +4 ring mail of Rounk {^Drain rF+++ rC+ Dex+2}
   (You found it on level 9 of the Dungeon)

   Dex+2:     It affects your dexterity (+2).
   rF+++:     It renders you almost immune to fire.
   rC+:       It protects you from cold.
   ^Drain:    It drains your maximum health when unequipped.
 d - a +0 buckler (worn)
 s - the +1 cloak of Shielding (worn) {rElec rF+}
   (You found it in a Gauntlet)

   rF+:       It protects you from fire.
   rElec:     It insulates you from electricity.
 u - a +0 pair of boots (worn)
 D - a scarf of resistance
 E - a +0 pair of gloves (worn)
 U - +1 steam dragon scales (worn)
Jewellery
 p - the ring of Gokuow {Ice Str+2 Dex+4}
   (You found it in a Gauntlet)

   [ring of ice]

   Ice:       It enhances your ice magic.
   Str+2:     It affects your strength (+2).
   Dex+4:     It affects your dexterity (+4).
   rF-:       It makes you vulnerable to fire.
   rC+:       It protects you from cold.
 x - a ring of wizardry (left hand)
 y - a ring of resist corrosion
 B - a ring of fire
 G - a ring of fire
 Q - an amulet of faith (around neck)
 R - a +4 ring of protection (right hand)
 V - a ring of ice
Wands
 g - a wand of flame (51)
 O - a wand of mindburst (8)
 S - a wand of iceblast (17)
Scrolls
 b - 2 scrolls of enchant weapon
 j - a scroll of blinking
 n - a scroll of poison {unknown}
 t - a scroll of brand weapon {unknown}
 A - 2 scrolls of teleportation
 C - 4 scrolls of revelation
 L - a scroll of summoning {unknown}
 N - a scroll of fog {unknown}
 W - a scroll of amnesia {unknown}
Potions
 i - a potion of resistance
 k - a potion of lignification
 l - a potion of mutation
 m - 4 potions of brilliance
 o - 4 potions of curing
 q - 3 potions of attraction
 H - 2 potions of cancellation
 K - a potion of magic


   Skills:
 * Level 7.5 Fighting
 + Level 3.2(3.5) Short Blades
 + Level 2.1(3.0) Long Blades
 + Level 1.5 Throwing
 + Level 3.4 Dodging
 + Level 2.9 Stealth
 - Level 3.0 Shields
 * Level 9.0 Spellcasting
 + Level 3.7 Translocations
 + Level 5.3 Fire Magic
 + Level 4.1 Ice Magic
 * Level 4.9 Air Magic
 + Level 1.8 Earth Magic
 + Level 5.6 Alchemy
 + Level 1.2 Invocations


You had 19 spell levels left.
You knew the following spells:

 Your Spells              Type           Power      Damage    Failure   Level
b - Blink                 Tloc           46%        N/A       1%          2
o - Scorch                Fire           60%        2d7       1%          2
r - Frozen Ramparts       Ice            50%        1d8       1%          3
v - Mercury Vapours       Alch/Air       60%        N/A       1%          2

Your spell library contained the following spells:

 Spells                   Type           Power      Damage    Failure   Level
 Inner Flame              Hex/Fire       19%        N/A       1%          3
 Magic Dart               Conj           36%        1d4       1%          1
 Sandblast                Erth           32%        2d9       1%          1
 Lesser Beckoning         Tloc           46%        N/A       1%          2
 Momentum Strike          Conj/Tloc      32%        3d8       1%          2
 Volatile Blastmotes      Fire/Tloc      54%        2d14      1%          3
 Stone Arrow              Conj/Erth      24%        3d8       2%          3
 Dazzling Flash           Conj/Hex       18%        N/A       3%          3
 Necrotise                Necr           36%        1d5       4%          1
 Passage of Golubria      Tloc           23%        N/A       10%         4
 Animate Dead             Necr           9%         N/A       38%         4
 Silence                  Hex/Air        9%         N/A       38%         5
 Starburst                Conj/Fire      9%         6d5       43%         6
 Borgnjor's Vile Clutch   Necr/Erth      6%         N/A       58%         5
 Death Channel            Necr           4%         N/A       99%         6
 Lehudib's Crystal Spear  Conj/Erth      6%         10d3      99%         8
 Maxwell's Capacitive Co  Air            14%        ∞         99%         8


Dungeon Overview and Level Annotations

Branches:
Dungeon (11/15)            Temple (0/1) D:5            Lair (0/5) D:8
Ossuary (visited)         Gauntlet (1/1)
    Orc: D:9-12

Altars:
Hepliaklqana
Kikubaaqudgha
Makhleb
Nemelex Xobeh
Ru
Sif Muna
Vehumet

Shops:
D:3 [

Annotations:
D:5 1 runed translucent door, PaiMei's ghost, novice DsNe
D:8 vampire Gauntlet 8 transporters, exclusion: obsidian statue


Innate Abilities, Weirdness & Mutations

You have a pair of large horns on your head.
You are mostly covered in sharp spines.
Your touch may inflict irresistible damage on your foes.


Message History

Press: ? - help, Dir - move target
Found four items.
As you read the scroll of blinking, it crumbles to dust.
Found a gate leading back out of this place.
The minotaur throws a silver javelin.
The silver javelin closely misses you.
There is an open door here.
You reach down and close the door.
Okay, then.
As you read the scroll labelled INNI VIHAUFY, it crumbles to dust.
You feel aware of your surroundings.
It was a scroll of revelation.
A minotaur opens the door.
As you read the scroll labelled FEN XEBEIREUK, it crumbles to dust.
It is a scroll of enchant armour.
Your +0 steam dragon scales glow green for a moment.
The minotaur throws a silver javelin.
The silver javelin pierces through you. The silver sears you!
Press: ? - help, v - describe, . - travel, g - get item
Items here: : ? [ ÷.
The floor, spattered with blood.
Unknown command.
Unknown command.
Unknown command.
Press: ? - help, v - describe, . - travel, g - get item
Items here: : [ | } ÷.
The floor, spattered with blood.
Unknown command.
Unknown command.
You feel very mighty all of a sudden.
Okay, then.
Okay, then.
Casting: Frozen Ramparts (safe; 1% risk of failure)
Confirm with . or Enter, or press ? or * to list all spells.
Casting: Frozen Ramparts (safe; 1% risk of failure)
Press: ? - help, Dir - look around, f - activate The walls around you are covered in ice.
The wall freezes the minotaur but does no damage.
The minotaur hits you with a +4 dagger of holy wrath!!
* * * LOW HITPOINT WARNING * * *
You convulse!
You die...

##########*#..8.8.8..############
##...©.©.©...## #.............#
#.#.#######.#.# #.#....#....#.#
#.#.##.#.##.#.# #.............#
#.#..##H##..#.# #.#..#8@8#..#.#
#....#...#....# ###8.#8.8#.8###
######[.[###### ######8.8######
######[.}###### ######8∩8######
###############


You could see a minotaur.

Vanquished Creatures
  A hell beast (Gauntlet)
  3 two-headed ogres
  Amaemon (D:7)
  An obsidian statue (Gauntlet)
  Maurice (D:7)
  Jeremiah (D:8)
  An orange demon (D:8)
  Prince Ribbit (D:8)
  A shadow (D:9)
  2 wyverns
  A basilisk (D:10)
  12 yaks
  3 steam dragons
  4 vampire mosquitoes (D:11)
  2 acid dragons
  A water moccasin (D:7)
  A sky beast (D:7)
  A black bear (D:6)
  An ogre (D:6)
  A bullfrog (D:7)
  3 gnoll sergeants
  A kobold brigand (D:8)
  3 scorpions
  16 wights
  A burial acolyte (Ossuary)
  7 killer bees
  2 bombardier beetles
  3 hounds
  2 jellies
  An orc priest (D:9)
  3 iguanas
  4 sleepcaps
  6 orc wizards
  7 adders
  13 gnolls
  A white imp (D:5)
  6 ufetubi
  3 adder skeletons (Ossuary)
  7 dart slugs
  3 ribbon worms
  24 orcs
  6 ball pythons
  2 bats
  5 endoplasms
  3 giant cockroaches
  4 goblins
  8 hobgoblins
  3 jackals (D:1)
  17 kobolds
  7 quokkas
  3 ball python skeletons (Ossuary)
  8 frilled lizards
  A hobgoblin skeleton (Ossuary)
  2 kobold skeletons (Ossuary)
  3 rats
  A rat zombie (D:7)
229 creatures vanquished.

Vanquished Creatures (others)
  Erica (D:8)
1 creature vanquished.

Grand Total: 230 creatures vanquished

Notes
Turn   | Place    | Note
-------+----------+-------------------------------------------
     0 | D:1      | Esekla the Demonspawn Wanderer began the quest for the Orb.
     0 | D:1      | Esekla set off with the following items: a +0 club, a
                  | scroll of blinking, a +0 robe, a +0 buckler; and the
                  | following spells available to memorise: Sandblast,
                  | Necrotise, Blink, Mercury Vapours, Momentum Strike, Stone
                  | Arrow.
     0 | D:1      | Reached XP level 1. HP: 13/13 MP: 5/5
    15 | D:1      | Found a faded altar of an unknown god.
   377 | D:1      | Discovered your monstrous ancestry.
   377 | D:1      | Gained mutation: You have a pair of small horns on your
                  | head. [demonic ancestry]
   377 | D:1      | Reached XP level 2. HP: 16/19 MP: 7/7
   881 | D:2      | Learned a level 2 spell: Mercury Vapours
   884 | D:2      | Learned a level 2 spell: Blink
  1064 | D:2      | Reached XP level 3. HP: 19/25 MP: 8/8
  1190 | D:2      | Reached skill level 1 in Fighting
  1198 | D:2      | Reached skill level 1 in Alchemy
  2060 | D:2      | Gained mutation: You are partially covered in sharp spines.
                  | [demonic ancestry]
  2060 | D:2      | Reached XP level 4. HP: 30/32 MP: 7/10
  2376 | D:3      | Reached skill level 1 in Air Magic
  2527 | D:3      | Found Xaren's Antique Armour Boutique.
  2733 | D:3      | Reached skill level 1 in Short Blades
  3154 | D:4      | Found a radiant altar of Vehumet.
  3194 | D:4      | Got Vehumet's Almanac of the Impact
  3209 | D:4      | Became a worshipper of Vehumet
  3212 | D:4      | Found an ancient bone altar of Kikubaaqudgha.
  3213 | D:4      | Found a shimmering blue altar of Sif Muna.
  3282 | D:4      | Reached skill level 1 in Translocations
  3282 | D:4      | Gained mutation: Your touch may inflict minor irresistible
                  | damage on your foes. [demonic ancestry]
  3282 | D:4      | Reached XP level 5. HP: 27/38 MP: 5/11
  3498 | D:4      | Identified the +3 mace "Guwoolok" {speed, Will+}
  3679 | D:4      | Reached skill level 1 in Stealth
  3679 | D:4      | Gained mutation: Your touch may inflict irresistible damage
                  | on your foes. [demonic ancestry]
  3679 | D:4      | Reached XP level 6. HP: 13/44 MP: 10/12
  3868 | D:4      | Reached * piety under Vehumet
  3868 | D:4      | Offered knowledge of Shock by Vehumet.
  3950 | D:4      | Found a hazy altar of Hepliaklqana.
  4302 | D:5      | Entered Level 5 of the Dungeon
  4360 | D:5      | Found a runed translucent door.
  4360 | D:5      | Noticed PaiMei's ghost (novice DsNe)
  4408 | D:5      | Reached skill level 1 in Dodging
  4562 | D:5      | Gained mutation: You have a pair of horns on your head.
                  | [demonic ancestry]
  4562 | D:5      | Reached XP level 7. HP: 51/51 MP: 8/13
  4995 | D:5      | Found a sacrificial altar of Ru.
  5000 | D:5      | Found a burning altar of Makhleb.
  5001 | D:5      | Found a sparkling altar of Nemelex Xobeh.
  5057 | D:5      | Found a staircase to the Ecumenical Temple.
  5828 | D:6      | Reached skill level 1 in Throwing
  5828 | D:6      | Gained mutation: You have a pair of large horns on your
                  | head. [demonic ancestry]
  5828 | D:6      | Reached XP level 8. HP: 52/58 MP: 10/15
  6020 | D:6      | Reached ** piety under Vehumet
  6020 | D:6      | Offered knowledge of Scorch by Vehumet.
  6024 | D:6      | Learned a level 2 spell: Scorch
  6169 | D:6      | Reached skill level 5 in Spellcasting
  6235 | D:6      | Reached skill level 1 in Fire Magic
  6494 | D:7      | Found a sand-covered staircase.
  6610 | Ossuary  | Entered an ossuary
  6695 | Ossuary  | Offered knowledge of Static Discharge by Vehumet.
  6831 | Ossuary  | Reached *** piety under Vehumet
  6869 | Ossuary  | Reached XP level 9. HP: 24/66 MP: 7/17
  7426 | D:7      | Noticed Maurice
  7432 | D:7      | Maurice stole a ring of fire
  7435 | D:7      | Something stole 325 gold
  7436 | D:7      | Killed Maurice
  7437 | D:7      | Reached skill level 5 in Fighting
  7459 | D:7      | Reached skill level 6 in Spellcasting
  7625 | D:7      | Offered knowledge of Frozen Ramparts by Vehumet.
  7651 | D:6      | Learned a level 3 spell: Frozen Ramparts
  7730 | D:6      | Reached skill level 5 in Alchemy
  8123 | D:8      | Noticed Jeremiah
  8269 | D:8      | Found a staircase to the Lair.
  8380 | D:8      | Noticed an orange demon
  8414 | D:8      | Noticed Erica
  8426 | D:8      | Reached skill level 1 in Ice Magic
  8568 | D:8      | Killed an orange demon
  8728 | D:8      | Reached **** piety under Vehumet
  8913 | D:8      | Noticed Amaemon
  8928 | D:7      | Killed Amaemon
  8929 | D:7      | Gained mutation: You are mostly covered in sharp spines.
                  | [demonic ancestry]
  8929 | D:7      | Reached XP level 10. HP: 15/76 MP: 3/20
  9314 | D:8      | Noticed Prince Ribbit
  9334 | D:8      | Killed Prince Ribbit
  9482 | D:8      | Offered knowledge of Inner Flame by Vehumet.
  9483 | D:8      | Reached skill level 7 in Spellcasting
  9537 | D:8      | Killed Erica
  9737 | D:8      | Killed Jeremiah
  9966 | D:9      | Noticed a two-headed ogre
  9999 | D:9      | Killed a two-headed ogre
 10169 | D:9      | Identified the +4 ring mail of Rounk {^Drain rF+++ rC+
                  | Dex+2}
 10619 | D:9      | Reached skill level 1 in Long Blades
 10905 | D:10     | Entered Level 10 of the Dungeon
 10905 | D:10     | Noticed a two-headed ogre
 10919 | D:10     | Killed a two-headed ogre
 11136 | D:10     | Reached XP level 11. HP: 43/84 MP: 11/22
 11443 | D:10     | Reached skill level 8 in Spellcasting
 11524 | D:10     | Reached skill level 5 in Fire Magic
 11735 | D:10     | Noticed a two-headed ogre
 11749 | D:10     | Killed a two-headed ogre
 12199 | D:11     | Found a gate leading to a gauntlet.
 12214 | Gauntlet | Entered a Gauntlet
 12214 | Gauntlet | Noticed an obsidian statue
 12214 | Gauntlet | Found a transporter.
 12217 | Gauntlet | Found a transporter.
 12219 | Gauntlet | Found a transporter.
 12219 | Gauntlet | Noticed a ghost crab
 12220 | Gauntlet | Found a transporter.
 12223 | Gauntlet | Found a transporter.
 12231 | Gauntlet | Found a transporter.
 12232 | Gauntlet | Found a transporter.
 12232 | Gauntlet | Noticed a hell beast
 12233 | Gauntlet | Noticed a great orb of eyes
 12233 | Gauntlet | Noticed a green ugly thing
 12233 | Gauntlet | Noticed a green ugly thing
 12239 | Gauntlet | Found a transporter.
 12331 | Gauntlet | Found a transporter.
 12334 | Gauntlet | Noticed a thrashing horror
 12345 | Gauntlet | Found a transporter.
 12349 | Gauntlet | Found a transporter.
 12351 | Gauntlet | Noticed an obsidian statue
 12357 | Gauntlet | Found a transporter.
 12551 | Gauntlet | Noticed a sun demon
 12556 | Gauntlet | Killed an obsidian statue
 12680 | Gauntlet | Identified the ring of Gokuow {Ice Str+2 Dex+4}
 12704 | Gauntlet | Killed a hell beast
 12705 | Gauntlet | Reached skill level 9 in Spellcasting
 12914 | Gauntlet | Identified the +1 cloak of Shielding {rElec rF+}
 12931 | Gauntlet | Noticed a minotaur
 12947 | Gauntlet | Slain by a minotaur

Illustrated notes

Levels and vault maps discovered:
D:1:      tarquinn_simple_flora_water_b, layout_basic,
          hellmonk_ecumenical_altar_blasted, solitary_fountain,
          minmay_crystal_water
D:2:      layout_basic, kennysheep_small_spiral
D:3:      layout_basic, serial_shops, shop, nicolae_figureground_sparkle
D:4:      layout_rooms, grunt_temple_overflow_magic_moments,
          nzn_hepliaklqana_mist_gate, minmay_pentangle
D:5:      layout_basic, minitemple, minmay_temple_entry_from_below_b,
          hellmonk_ghost_happy_afterlife, minmay_lizard_king
D:6:      layout_basic, elyvilon_altar_5, eino_curves_03,
          minmay_misc_feat_more_columns
D:7:      layout_basic, enter_ossuary_3, uniq_maurice
D:8:      layout_loops_ring, general_overflow_altar, dpeg_oklobed_lair,
          uniq_amaemon, uniq_prince_ribbit1, uniq_erica, uniq_jeremiah
D:9:      nicolae_cairo_tiling_large, layout_small_grid
D:10:     layout_roguey, minmay_large_rounded_square, feat_on_display
D:11:     layout_roguey, orc_0_dummy, gauntlet_entry_generic, uniq_fannar,
          uniq_josephine, uniq_lodul
Gauntlet: minmay_gauntlet_mixed_oops_all_seconds
          [minmay_gauntlet_arena_77_two_lines, gammafunk_gauntlet_arena_mazey,
          minmay_gauntlet_arena_77_broken_ladder,
          gammafunk_gauntlet_arena_split_x,
          minmay_gauntlet_arena_77_radiant_squares,
          gammafunk_gauntlet_arena_spirals,
          nicolae_gauntlet_exit_dead_adventurers]

Skill      XL: |  1  2  3  4  5  6  7  8  9 10 11 |
---------------+----------------------------------+-----
Shields        | 2 3 |  3.0
Fighting       | 1 2 3 4 5 7 |  7.5
Alchemy        | 1 2 3 4 5 |  5.6
Air Magic      | 1 2 3 4 |  4.9
Short Blades   | 1 2 3 |  3.2
Translocations | 1 2 3 |  3.7
Stealth        | 1 2 |  2.9
Dodging        | 1 2 3 |  3.4
Throwing       | 1 |  1.5
Spellcasting   | 5 6 7 9 |  9.0
Fire Magic     | 2 3 4 5 |  5.3
Ice Magic      | 2 4 |  4.1
Long Blades    | 1 2 |  2.1
Earth Magic    | |  1.8
Invocations    | |  1.2

Action                     |  1- 3 |  4- 6 |  7- 9 | 10-12 || total
---------------------------+-------+-------+-------+-------++-------
  Melee: Dagger            |   153 |    98 |   191 |    38 ||   480
         Headbutt          |    18 |    18 |    35 |    23 ||    94
         Scimitar          |       |       |       |    47 ||    47
  Throw: Dart              |    10 |    13 |     7 |     9 ||    39
         Boomerang         |       |       |    14 |       ||    14
   Cast: Mercury Vapours   |    20 |    46 |    53 |    28 ||   147
         Blink             |       |     2 |     4 |     2 ||     8
         Scorch            |       |       |    50 |    48 ||    98
         Frozen Ramparts   |       |       |       |    16 ||    16
  Evoke: Wand              |       |     1 |     1 |       ||     2
    Use: Scroll            |     1 |       |    11 |     6 ||    18
         Potion            |       |       |     8 |     7 ||    15
   Stab: Sleeping          |     1 |       |     7 |     1 ||     9
         Paralysed         |       |     6 |       |       ||     6
 Armour: Robe              |    82 |    51 |   139 |    36 ||   308
         Steam dragon scal |       |       |       |    83 ||    83
  Dodge: Dodged            |    66 |    37 |   111 |    71 ||   285
  Block: Buckler           |    29 |    14 |    37 |    23 ||   103
